 Dungeon Crawl Stone Soup version 0.18-a0-1026-ge317a7f (webtiles) character file.

2875 TheOrbIsALie the Fighter (level 9, -2/78 HPs)
             Began as a Demonspawn Gladiator on Jan 7, 2016.
             Was a Priest of Makhleb.
             Slain by an orc warrior
             ... wielding a +0 battleaxe
              (14 damage)
             ... on level 8 of the Dungeon.
             The game lasted 00:16:37 (5919 turns).

TheOrbIsALie the Fighter (Demonspawn Gladiator)     Turns: 5919, Time: 00:16:37

Health: -2/78      AC: 20    Str: 16    XL:     9   Next: 47%
Magic:  9/9        EV: 13    Int:  9    God:    Makhleb [***...]
Gold:   341        SH:  0    Dex: 22    Spells: 0 memorised, 8 levels left

rFire  + . .     SeeInvis +     v - +0 flail (protect)
rCold  . . .     Gourm    .     h - +0 chain mail
rNeg   . . .     Faith    .     (no shield)
rPois  .         Spirit   .     (helmet unavailable)
rElec  .         Dismiss  .     e - +1 cloak
rCorr  .         Reflect  .     (no gloves)
SustAt .         Harm     .     (no boots)
MR     .....                    (no amulet)
Stlth  ..........               I - ring of protection from fire
                                o - +3 ring of protection

@: agile, heavily drained, not resistant to hostile enchantments, extremely
unstealthy
A: antennae 3, powered by pain 2, spiny 1
a: Minor Destruction, Lesser Servant of Makhleb, Renounce Religion


You were on level 8 of the Dungeon.
You worshipped Makhleb.
Makhleb was most pleased with you.
You were not hungry.

You visited 2 branches of the dungeon, and saw 9 of its levels.
You also visited: Sewer.

You collected 341 gold pieces.

Inventory:

Hand Weapons
 a - a +0 flail
 v - a +0 flail of protection (weapon)
Missiles
 d - 3 throwing nets (quivered)
Armour
 b - a +0 leather armour
 c - a +0 helmet
 e - a +1 cloak (worn)
 g - a +0 plate armour
 h - a +0 chain mail (worn)
Jewellery
 o - a +3 ring of protection (left hand)
 x - an uncursed amulet of dismissal
 I - a ring of protection from fire (right hand)
Wands
 y - a wand of fire (4/15)
 C - a wand of lightning (9/15)
 E - a wand of confusion (10/48)
Scrolls
 i - 5 scrolls of remove curse {unknown}
 k - a scroll of random uselessness {unknown}
 p - 6 scrolls of identify
 q - 3 scrolls of amnesia {unknown}
 t - 2 scrolls of recharging {unknown}
 B - a scroll of fear {unknown}
 H - 2 scrolls of blinking {unknown}
 M - 3 scrolls of magic mapping {unknown}
Potions
 l - 2 potions of ambrosia {unknown}
 n - 6 potions of haste
 s - 2 potions of beneficial mutation {unknown}
 u - 2 potions of degeneration {unknown}
 z - 2 potions of curing
 A - a potion of mutation {unknown}
 D - a potion of cure mutation {unknown}
 F - 2 potions of berserk rage {unknown}
 G - 2 potions of flight {unknown}
 J - a potion of agility {unknown}
 K - a potion of heal wounds {unknown}
 N - a potion of poison {unknown}
Books
 L - a book of Unlife

   Spells                             Type                      Level
   a - Recall                         Summoning/Translocation      3
   b - Animate Dead                   Necromancy                   4
   c - Control Undead                 Necromancy                   4
   d - Cigotuvi's Embrace             Necromancy                   5
   e - Death Channel                  Necromancy                   6
   f - Simulacrum                     Ice/Necromancy               6
Comestibles
 f - 4 bread rations
 j - 2 royal jellies
 m - 11 fruits
 r - 5 meat rations
 w - a beef jerky


   Skills:
 - Level 10.0(8.4) Fighting
 - Level 3.8(2.4) Maces & Flails
 - Level 1.7(0.5) Throwing
 + Level 7.4(5.9) Armour
 - Level 2.6(1.3) Dodging


You had 8 spell levels left.
You didn't know any spells.

Dungeon Overview and Level Annotations

Branches:
Dungeon (8/15)             Temple (1/1) D:4
   Lair: D:8-11

Altars:
Ashenzari
Cheibriados
Dithmenos
Fedhas
Gozag
Kikubaaqudgha
Makhleb
Nemelex Xobeh
Okawaru
Pakellas
Qazlal
Ru
Sif Muna
Trog
Vehumet
Xom
Zin
The Shining One

Annotations:
D:4 exclusion: oklob sapling


Innate Abilities, Weirdness & Mutations

You have a pair of large antennae on your head (SInv).
You sometimes gain power by taking damage.
You are partially covered in sharp spines.


Message History

The orc warrior is heavily wounded.
The orc warrior is struck by your spines.
The orc warrior hits you with a battleaxe!
* * * LOW HITPOINT WARNING * * *
Drink which item? (? for menu, Esc to quit)
You feel better.
The orc warrior hits you but does no damage.
You barely miss the orc warrior.
The orc warrior is severely wounded.
The orc warrior hits you with a battleaxe!
* * * LOW HITPOINT WARNING * * *
You focus on the pain.
You feel agile all of a sudden.
You closely miss the orc warrior.
The orc warrior is severely wounded.
The orc warrior hits you but does no damage.
You hit the orc warrior but do no damage.
The orc warrior is severely wounded.
The orc warrior hits you with a battleaxe!
You die...

#... .. #.## #. #
# ##.# { #. #
...## { #.## ...#
### #... .a# #..
#... #o# #.# ####
#@###.# #
#...#.######## #
##................
#.##..#.##.######
#.##..#.##.# #
#.##.......# #
#.###.#....# #
#.###.#....#
#..........#


You could see an orc warrior and a worker ant.

Vanquished Creatures
  The ghost of chequers the Cruncher, a novice VSGl of Ashenzari (D:8)
  Prince Ribbit (D:7)
  An orc warrior (D:6)
  3 sky beasts
  2 phantoms
  An ogre (D:7)
  3 centaurs
  A crocodile (Sewer)
  A big kobold (D:7)
  4 giant frogs
  A wyvern zombie (D:7)
  2 crimson imps
  A giant frog zombie (D:8)
  A centaur zombie (D:8)
  A hound (D:5)
  2 orc priests
  Crazy Yiuf (D:7)
  A centaur skeleton (D:5)
  A jelly (D:8)
  An orc wizard (D:7)
  An iron imp (D:5)
  6 worker ants
  A hound skeleton (D:7)
  13 gnolls
  9 adders
  A shadow imp (D:7)
  An ooze (D:1)
  An adder zombie (D:7)
  An adder skeleton (D:6)
  7 worms
  6 giant geckos
  12 orcs
  8 bats
  6 giant cockroaches
  3 goblins
  13 hobgoblins
  2 jackals (Sewer)
  18 kobolds
  3 quokkas
  3 ball pythons
  A giant gecko zombie (D:5)
  9 giant newts
  8 rats
  2 plants (D:4)
165 creatures vanquished.

Vanquished Creatures (others)
  A gnoll (D:1)
1 creature vanquished.

Grand Total: 166 creatures vanquished

Notes
Turn   | Place    | Note
--------------------------------------------------------------
     0 | D:1      | TheOrbIsALie the Demonspawn Gladiator began the quest for the Orb.
     0 | D:1      | Reached XP level 1. HP: 16/16 MP: 1/1
    55 | D:1      | Reached skill level 3 in Maces & Flails
   112 | D:1      | Gained mutation: You are partially covered in sharp spines. [demonic ancestry]
   112 | D:1      | Reached XP level 2. HP: 17/22 MP: 2/2
   410 | D:1      | Gained mutation: You have a pair of small antennae on your head. [demonic ancestry]
   410 | D:1      | Reached XP level 3. HP: 27/27 MP: 3/3
   670 | D:2      | Found an oddly glowing altar of Pakellas.
   830 | D:2      | Gained mutation: You sometimes gain a little power by taking damage. [demonic ancestry]
   830 | D:2      | Reached XP level 4. HP: 18/35 MP: 4/4
  1074 | D:2      | Found a glowing golden altar of the Shining One.
  1184 | D:2      | Found a stormy altar of Qazlal.
  1679 | D:3      | Found a bloodstained altar of Trog.
  1773 | D:3      | Reached skill level 4 in Fighting
  1778 | D:3      | Gained mutation: You have a pair of antennae on your head. [demonic ancestry]
  1778 | D:3      | Reached XP level 5. HP: 38/42 MP: 5/5
  2049 | D:3      | Reached skill level 5 in Fighting
  2308 | D:4      | Reached skill level 1 in Armour
  2366 | D:4      | Found a staircase to the Ecumenical Temple.
  2441 | Temple   | Entered the Ecumenical Temple
  2495 | Temple   | Became a worshipper of Makhleb the Destroyer
  2655 | D:4      | Reached XP level 6. HP: 46/51 MP: 6/6
  3066 | D:5      | Entered Level 5 of the Dungeon
  3151 | D:5      | Noticed a sky beast
  3159 | D:5      | Killed a sky beast
  3605 | D:5      | Gained mutation: You have a pair of large antennae on your head (SInv). [demonic ancestry]
  3605 | D:5      | Reached XP level 7. HP: 56/56 MP: 7/7
  3830 | D:5      | Found a snail-covered altar of Cheibriados.
  3886 | D:5      | Reached * piety under Makhleb
  3906 | D:5      | Reached skill level 5 in Armour
  4323 | D:6      | Reached skill level 6 in Fighting
  4531 | D:6      | Reached skill level 7 in Fighting
  4531 | D:6      | Gained mutation: You sometimes gain power by taking damage. [demonic ancestry]
  4531 | D:6      | Reached XP level 8. HP: 58/67 MP: 8/8
  4650 | D:6      | Found a glowing drain.
  4654 | Sewer    | Entered a sewer
  4751 | Sewer    | Reached skill level 8 in Fighting
  5022 | D:7      | Noticed Prince Ribbit
  5032 | D:7      | Killed Prince Ribbit
  5032 | D:7      | Reached skill level 9 in Fighting
  5033 | D:7      | Reached ** piety under Makhleb
  5211 | D:7      | Found a sparkling altar of Nemelex Xobeh.
  5245 | D:7      | Found a snail-covered altar of Cheibriados.
  5319 | D:7      | Found a shadowy altar of Dithmenos.
  5457 | D:7      | Reached skill level 10 in Fighting
  5457 | D:7      | Reached XP level 9. HP: 69/78 MP: 9/9
  5471 | D:7      | Noticed Crazy Yiuf
  5479 | D:7      | Killed Crazy Yiuf
  5712 | D:8      | Noticed chequers's ghost (novice VSGl)
  5743 | D:8      | Killed chequers's ghost
  5850 | D:8      | Reached *** piety under Makhleb
  5919 | D:8      | Slain by an orc warrior

Vault maps used:
D:1:      shiori_arrival_elements, st_stairs_3
D:2:      grunt_pakellas_salt, nicolae_qazlal_general_emergency, tso_metal_star
D:3:      old_standard_altar, serial_corexii_hall, corexii_hall_statues_t,
          corexii_hall_statues_x, corexii_hall_statues_s, corexii_hall_statues_i
D:4:      minmay_temple_entry_oklob
D:5:      slow_altar_2, first_bread, minmay_misc_feat_diagonals, corexii_shack
D:6:      gup_sewer_entry_bowl, hex_medium
D:7:      kennysheep_little_box, nemelex_xobeh_ov_fountains_minmay,
          cheibriados_altar_1, uniq_prince_ribbit1, uniq_crazy_yiuf_cottage
D:8:      kennysheep_ying_yang, david_lair_shrubbed
Temple:   triangle_lava_temple_12
Sewer:    sewer_the_crocodile

Action                   |  1- 3 |  4- 6 |  7- 9 || total
-------------------------+-------+-------+-------++-------
Melee: Flail             |    62 |   167 |   223 ||   452
Evoke: Wand              |       |       |     3 ||     3
  Use: Scroll            |       |       |     1 ||     1
       Potion            |       |       |     3 ||     3
 Stab: Sleeping          |     1 |       |       ||     1
  Eat: Chunk             |       |     8 |     9 ||    17
